 Dungeon Crawl Stone Soup version 0.25-a0-561-g0977b4d109 (webtiles) character file.

Game seed: 134058542390436072, levelgen mode: deterministic

17715 Flugslaktarn the Cleaver (level 12, -5/112 HPs)
             Began as a Deep Dwarf Fighter on Feb 25, 2020.
             Was an Elder of Makhleb.
             Slain by a meliai
             ... wielding a +0 war axe
              (6 damage)
             ... on level 12 of the Dungeon.
             The game lasted 00:07:47 (7710 turns).

Flugslaktarn the Cleaver (Deep Dwarf Fighter)       Turns: 7710, Time: 00:07:47

Health: -5/112     AC: 25    Str: 24    XL:     12   Next: 21%
Magic:  10/10      EV:  7    Int: 10    God:    Makhleb [****..]
Gold:   710        SH:  0    Dex: 12    Spells: 11/11 levels left

rFire    . . .     SeeInvis .   n - +1 battleaxe (elec)
rCold    . . .     Gourm    .   (shield currently unavailable)
rNeg     . . .     Faith    .   L - +0 plate armour
rPois    +         Spirit   .   I - +0 helmet
rElec    .         Reflect  .   G - +0 cloak
rCorr    .         Harm     .   y - +2 pair of gloves
MR       +....                  (no boots)
Stlth    ..........             (no amulet)
HPRegen  0.00/turn              p - +4 ring of protection
MPRegen  0.12/turn              o - ring of poison resistance

@: non-regenerating
A: damage resistance, heal wounds, sense surroundings 2, no regeneration
a: Heal Wounds, Minor Destruction, Lesser Servant of Makhleb, Major Destruction,
Renounce Religion


You were on level 12 of the Dungeon.
You worshipped Makhleb.
Makhleb was greatly pleased with you.
You were hungry.

You visited 2 branches of the dungeon, and saw 13 of its levels.
You also visited: Ossuary.

You collected 885 gold pieces.
You spent 175 gold pieces at shops.

Inventory:

Hand Weapons
 a - a +1 war axe
 g - a +2 hand axe of venom
   (You took it off an orc on level 8 of the Dungeon)
 n - a +1 battleaxe of electrocution (weapon)
   (You took it off an orc warrior on level 11 of the Dungeon)
 K - a +0 vorpal war axe
   (You bought it in a shop on level 12 of the Dungeon)
Missiles
 k - 3 throwing nets (quivered)
Armour
 c - a +0 kite shield
 y - a +2 pair of gloves (worn)
   (You found it on level 4 of the Dungeon)
 G - a +0 cloak (worn)
   (You found it on level 10 of the Dungeon)
 I - a +0 helmet (worn)
   (You found it on level 10 of the Dungeon)
 L - a +0 plate armour (worn)
   (You found it on level 11 of the Dungeon)
Jewellery
 f - an uncursed ring of protection from fire
   (You found it on level 2 of the Dungeon)
 o - a ring of poison resistance (right hand)
   (You found it on level 5 of the Dungeon)
 p - a +4 ring of protection (left hand)
   (You found it on level 3 of the Dungeon)
Wands
 l - a wand of paralysis (7)
   (You found it on level 9 of the Dungeon)
 v - a wand of digging (6)
   (You found it on level 11 of the Dungeon)
Scrolls
 b - 2 scrolls of fog
 j - 2 scrolls of enchant weapon
 m - 7 scrolls of magic mapping
 r - a scroll of identify
 s - 5 scrolls of remove curse
 t - 4 scrolls of teleportation
 z - 6 scrolls of blinking
 F - a scroll of holy word
Potions
 d - 3 potions of might
 h - a potion of haste
 i - a potion of brilliance {unknown}
 q - 3 potions of curing
 u - 2 potions of flight
 w - 3 potions of heal wounds
 x - 3 potions of lignification
 A - 2 potions of invisibility
 B - 5 potions of stabbing
 C - a potion of cancellation
 D - a potion of berserk rage
 E - a potion of ambrosia
 J - a potion of mutation {unknown}
Comestibles
 e - 18 rations


   Skills:
 + Level 8.5 Fighting
 * Level 13.2 Axes
 + Level 10.2 Armour
 - Level 9.3 Shields
 + Level 8.7 Invocations


You had 11 spell levels left.
You didn't know any spells.
Your spell library was empty.

Dungeon Overview and Level Annotations

Branches:
Dungeon (12/15)            Temple (1/1) D:7            Lair (0/6) D:9
    Orc (0/2) D:10        Ossuary (visited)

Altars:
Ashenzari
Dithmenos
Elyvilon
Fedhas
Gozag
Hepliaklqana
Kikubaaqudgha
Makhleb
Nemelex Xobeh
Okawaru
Qazlal
Ru
Sif Muna
Trog
Uskayaw
Vehumet
Wu Jian
Xom
Yredelemnul
Zin

Shops:
D:7 (   D:12 (


Innate Abilities, Weirdness & Mutations

You are resistant to damage.
You can heal yourself by infusing magical energy.
You passively map the area around you.
You do not regenerate.


Message History

* * * LOW HITPOINT WARNING * * *
The meliai barely misses you.
The killer bee buzzes angrily.
You barely miss the meliai.
The meliai is severely wounded.
You hear an angry buzzing noise.
The meliai hits you but does no damage. The meliai stings you.
* * * LOW HITPOINT WARNING * * *
The meliai barely misses you. The meliai completely misses you.
You closely miss the meliai.
The meliai is severely wounded.
The meliai hits you with a +0 war axe.
The meliai stings you but does no damage.
You closely miss the meliai.
The meliai is severely wounded.
The meliai hits you with a +0 war axe.
* * * LOW HITPOINT WARNING * * *
The meliai stings you but does no damage.
The meliai hits you with a +0 war axe!
You die...

+ * , , * # * .# * * *, #
##.# * * #<.# #####.##### ,*
## #.........#
.####<........# +####
.'..#.........########yy.y..
.##.#.....).....@yyyyyyy.yyy*
.##.#.........########y.%yyy*
.##.#.........#


,yyyy. .##...>.......# yy.% .####.........# ***###* ## ########### You could see
a meliai and 9 killer bees.

Vanquished Creatures
  Josephine (D:10)
  A centaur warrior (D:11)
  A tengu warrior (D:11)
  Nergalle (D:10)
  Pikel (D:7)
  A deep elf mage (D:11)
  A cyclops (D:11)
  An ugly thing (D:11)
  3 gargoyles
  A queen bee (D:12)
  2 trolls
  2 meliai (D:12)
  A hornet (D:11)
  Prince Ribbit (D:7)
  4 hippogriffs
  A wyvern (D:11)
  7 wraiths
  15 yaks
  A steam dragon (D:7)
  A hungry ghost (D:7)
  A soldier ant (D:11)
  4 porcupines (D:9)
  Duvessa (D:7)
  8 orc warriors
  4 slaves (D:7)
  3 sky beasts
  A hornet zombie (D:7)
  3 black bears (D:9)
  2 ice beasts (D:11)
  4 ogres
  An eye of draining (D:10)
  A necrophage (D:11)
  5 phantoms
  7 centaurs
  A crocodile (D:8)
  10 bullfrogs
  A wyvern zombie (D:9)
  2 gnoll sergeants
  Dowan (D:7)
  4 scorpions
  A wyvern skeleton (D:11)
  5 killer bees (D:12)
  3 wights (D:10)
  5 howler monkeys (D:8)
  6 crimson imps
  A bullfrog zombie (D:7)
  A quasit (D:10)
  4 hounds
  6 orc wizards
  Ijyb (D:4)
  3 orc priests
  A bullfrog skeleton (D:11)
  3 centaur skeletons
  3 iguanas
  3 worker ants
  A big kobold zombie (Ossuary)
  2 hound zombies (D:5)
  A hound skeleton (D:8)
  8 mummies (Ossuary)
  3 worker ant zombies
  10 gnolls
  9 adders
  3 shadow imps
  An adder zombie (D:7)
  5 leopard geckos
  34 orcs
  9 bats
  3 giant cockroaches
  3 gnoll zombies (Ossuary)
  5 goblins
  8 hobgoblins
  6 jackals (D:6)
  7 quokkas
  2 frilled lizards
  2 hobgoblin zombies (Ossuary)
  A jackal skeleton (D:8)
  2 kobolds
  2 kobold zombies (Ossuary)
  5 rats
  2 fungi (D:9)
  6 plants (D:9)
297 creatures vanquished.

Vanquished Creatures (others)
  A shadow (D:11)
  9 fungi (D:9)
  A plant (D:9)
11 creatures vanquished.

Grand Total: 308 creatures vanquished

Notes
Turn   | Place    | Note
-------+----------+-------------------------------------------
     0 | D:1      | Flugslaktarn the Deep Dwarf Fighter began the quest for the
                  | Orb.
     0 | D:1      | Reached XP level 1. HP: 20/20 MP: 1/1
   133 | D:1      | Reached XP level 2. HP: 24/27 MP: 2/2
   174 | D:2      | Reached skill level 3 in Axes
   174 | D:2      | Reached XP level 3. HP: 29/34 MP: 3/3
   494 | D:3      | Reached XP level 4. HP: 36/42 MP: 4/4
   580 | D:3      | Found a glowing silver altar of Zin.
   580 | D:3      | Found a radiant altar of Vehumet.
   614 | D:4      | Noticed Ijyb
   623 | D:4      | Killed Ijyb
   677 | D:4      | Reached skill level 4 in Axes
   677 | D:4      | Reached XP level 5. HP: 27/49 MP: 5/5
   682 | D:4      | Found an ornate altar of the Wu Jian Council.
   923 | D:4      | Found a sand-covered staircase.
   936 | Ossuary  | Entered an ossuary
   956 | Ossuary  | Reached XP level 6. HP: 29/57 MP: 6/6
   989 | Ossuary  | Reached skill level 5 in Axes
  1533 | D:5      | Entered Level 5 of the Dungeon
  1630 | D:5      | Found a shimmering altar of Xom.
  1631 | D:5      | Found an iron altar of Okawaru.
  1764 | D:5      | Found a stormy altar of Qazlal.
  1887 | D:6      | Noticed a sky beast
  1907 | D:6      | Killed a sky beast
  1907 | D:6      | Reached skill level 5 in Armour
  1907 | D:6      | Reached XP level 7. HP: 49/64 MP: 5/5
  1918 | D:6      | Reached skill level 5 in Shields
  2035 | D:6      | Reached skill level 6 in Axes
  2331 | D:6      | Found a sparkling altar of Nemelex Xobeh.
  2514 | D:7      | Found Muca's Antique Weapon Shoppe.
  2514 | D:7      | Noticed a steam dragon
  2525 | D:7      | Killed a steam dragon
  2525 | D:7      | Reached XP level 8. HP: 42/73 MP: 6/6
  2685 | D:7      | Reached skill level 7 in Axes
  2772 | D:7      | Reached skill level 5 in Fighting
  2778 | D:7      | Noticed Pikel
  2804 | D:7      | Killed Pikel
  2804 | D:7      | Reached skill level 8 in Axes
  2833 | D:7      | Noticed Prince Ribbit
  2848 | D:7      | Killed Prince Ribbit
  2848 | D:7      | Gained mutation: You passively map the area around you.
                  | [Deep Dwarf growth]
  2848 | D:7      | Reached XP level 9. HP: 33/81 MP: 7/7
  2872 | D:7      | Noticed Dowan
  2872 | D:7      | Noticed Duvessa
  2882 | D:7      | Killed Duvessa
  2895 | D:7      | Killed Dowan
  2978 | D:7      | Found a staircase to the Ecumenical Temple.
  2988 | Temple   | Entered the Ecumenical Temple
  3260 | Temple   | Became a worshipper of Makhleb the Destroyer
  3302 | D:7      | Reached skill level 9 in Axes
  3390 | D:7      | Reached skill level 1 in Invocations
  3550 | D:7      | Found a sacrificial altar of Ru.
  3858 | D:8      | Reached * piety under Makhleb
  4036 | D:8      | Reached skill level 10 in Axes
  4036 | D:8      | Reached XP level 10. HP: 92/92 MP: 10/10
  4664 | D:8      | Found a blossoming altar of Fedhas.
  4813 | D:9      | Reached ** piety under Makhleb
  4818 | D:9      | Reached skill level 5 in Invocations
  4834 | D:9      | Found a staircase to the Lair.
  5114 | D:9      | Noticed an orc knight
  5121 | D:9      | Noticed a fire dragon
  5136 | D:9      | Reached skill level 11 in Axes
  5443 | D:10     | Entered Level 10 of the Dungeon
  5447 | D:10     | Noticed a gargoyle
  5502 | D:10     | Killed a gargoyle
  5570 | D:10     | Reached XP level 11. HP: 49/100 MP: 12/12
  5655 | D:10     | Noticed Josephine
  5667 | D:10     | Killed Josephine
  5848 | D:10     | Found a staircase to the Orcish Mines.
  5924 | D:10     | Reached *** piety under Makhleb
  6096 | D:10     | Reached skill level 12 in Axes
  6308 | D:10     | Noticed Nergalle
  6396 | D:10     | Killed Nergalle
  6919 | D:11     | Noticed a tengu warrior
  6919 | D:11     | Noticed a deep elf mage
  6943 | D:11     | Killed a tengu warrior
  6953 | D:11     | Killed a deep elf mage
  7016 | D:11     | Reached **** piety under Makhleb
  7112 | D:11     | Noticed a centaur warrior
  7123 | D:11     | Killed a centaur warrior
  7123 | D:11     | Reached XP level 12. HP: 103/112 MP: 11/11
  7267 | D:11     | Reached skill level 13 in Axes
  7267 | D:11     | Reached skill level 10 in Armour
  7601 | D:12     | Found Mojodam's Antique Weapon Boutique.
  7612 | D:12     | Bought a runed war axe for 175 gold pieces
  7708 | D:12     | HP: 4/112 [meliai/+0 war axe (2)]
  7710 | D:12     | HP: 1/112 [meliai/+0 war axe (3)]
  7710 | D:12     | Slain by a meliai

Levels and vault maps discovered:
D:1:      lemuel_arrival_muddy, layout_basic, st_stairs_7
D:2:      layout_loops_ring
D:3:      layout_rooms, gammafunk_temple_overflow_statue, hex_tiny, uniq_jessica
D:4:      layout_basic, old_standard_altar, nicolae_ossuary_entry_monument,
          uniq_ijyb
D:5:      layout_rooms, chequers_temple_overflow_statue_of_worship,
          old_standard_altar, first_ration
D:6:      layout_cave_pools, serial_column_ruins, column_ruins_hut_ruined,
          column_ruins_grid_1, column_ruins_grid_4, column_ruins_columns_water,
          column_ruins_open_small, column_ruins_open_medium,
          column_ruins_grid_2, column_ruins_open_tiny, minmay_misc_feat_alley,
          nemelex_diamond_rough_becter
D:7:      layout_basic, nicolae_overflow_hidden_temple, temple_hall,
          serial_shops, shop, grunt_ogre_cave, hangedman_abyss_or_decor_stabs,
          nicolae_ru_great_annihilating_truth, uniq_duvessa, uniq_pikel,
          uniq_prince_ribbit1
D:8:      layout_basic, marbit_many_paths
D:9:      layout_basic, due_lair_maze_entry_diamond, minmay_evil_grid
D:10:     layout_roguey, orc_0_dummy, uniq_nergalle, uniq_josephine
D:11:     minmay_the_grid_3x2 [minmay_the_grid_slots, minmay_the_grid_embedded,
          minmay_the_grid_minigrid_small_alt, minmay_the_grid_outer_circle,
          minmay_the_grid_stretched_grid, minmay_the_grid_prize_four_corners],
          layout_loops_ring, hangedman_decor_push, kennysheep_decorative_pillar,
          grunt_ministairs_3
D:12:     layout_roguey [special_room_bee], serial_shops, shop,
          minmay_misc_feat_chi
Temple:   oiseaux_autumnal_temple

Skill      XL: |  1  2  3  4  5  6  7  8  9 10 11 12 |
---------------+-------------------------------------+-----
Fighting       | 3 4 5 6 7 8 |  8.5
Axes           | 3 4 5 6 8 10 11 12 13 | 13.2
Armour         | 4 5 6 7 8 9 10 | 10.2
Shields        | 4 5 6 7 8 9 |  9.3
Invocations    | 3 6 8 |  8.7

Action                   |  1- 3 |  4- 6 |  7- 9 | 10-12 || total
-------------------------+-------+-------+-------+-------++-------
Melee: War axe           |    84 |   170 |   277 |       ||   531
       Hand axe          |       |       |    95 |   595 ||   690
       Battleaxe         |       |       |       |   222 ||   222
 Abil: Heal Wounds       |       |     5 |    12 |    22 ||    39
Evoke: Wand              |       |       |       |     1 ||     1
  Use: Scroll            |       |    15 |       |    11 ||    26
 Stab: Paralysed         |       |       |     1 |       ||     1
  Eat: Chunk             |       |     1 |    11 |    13 ||    25
       Ration            |       |     1 |       |       ||     1
Armor: Chain mail        |    67 |    91 |   257 |   279 ||   694
       Scale mail        |     2 |       |       |       ||     2
       Plate armour      |       |       |       |   198 ||   198
Dodge: Dodged            |    32 |    37 |   109 |   204 ||   382
Block: Kite shield       |    44 |    73 |   237 |   296 ||   650

Table legend:
 A = Non-vault XP
 B = Vault XP
 C = Vault XP percentage of total XP
 D = Non-vault monster count
 E = Vault monster count
 F = Vault count percentage of total count
                 A         B        C        D         E       F
            +---------+---------+-------+---------+---------+-------
      Total |   12679 |   12629 |  49.9 |     206 |      79 |  27.7
            +---------+---------+-------+---------+---------+-------
        D:1 |      13 |       1 |   7.1 |       9 |       1 |  10.0
        D:2 |      44 |       0 |   0.0 |      12 |       0 |   0.0
        D:3 |      89 |       0 |   0.0 |      15 |       0 |   0.0
        D:4 |     181 |      41 |  18.5 |      10 |       1 |   9.1
        D:5 |     160 |       0 |   0.0 |       9 |       0 |   0.0
        D:6 |     556 |       0 |   0.0 |      19 |       0 |   0.0
        D:7 |    1233 |    1286 |  51.1 |      15 |       9 |  37.5
        D:8 |    2812 |     416 |  12.9 |      43 |       2 |   4.4
        D:9 |    1066 |    1651 |  60.8 |      15 |      13 |  46.4
       D:10 |    4153 |    2679 |  39.2 |      36 |       6 |  14.3
       D:11 |    1950 |    5163 |  72.6 |      18 |      23 |  56.1
       D:12 |     422 |    1210 |  74.1 |       5 |       8 |  61.5
    Ossuary |       0 |     182 | 100.0 |       0 |      16 | 100.0
            +---------+---------+-------+---------+---------+-------
